[Event "ICC tourney 2520 (60 10)"]
[Site "Internet Chess Club"]
[Date "2021.04.18"]
[Round "4"]
[White "AU, JINXIAN DENNIS:Brawlstars"]
[Black "Cruz, Hyland:HydeCruz"]
[Result "1-0"]
[ICCResult "Black checkmated"]
[WhiteElo "504"]
[BlackElo "703"]
[Opening "Giuoco Piano: four knights variation"]
[ECO "C55"]
[NIC "IG.01"]
[Time "10:02:29"]
[PlyCount "175"]
[TimeControl "3600+10"]

1. e4 e5 2. Nf3 Nc6 3. Bc4 Nf6 4. Nc3 Bc5 5. O-O d6 6. h3 O-O 7. d3 Be6 8.
Bb3 h6 9. Be3 Bb6 10. Ne2 d5 11. Ng3 dxe4 12. dxe4 Bxb3 13. axb3 Bxe3 14.
fxe3 Qe7 15. Nf5 Qe6 16. Qe1 Nxe4 17. Qh4 Qxf5 18. Nd2 Qg6 19. Nxe4 Nb4 20.
Rac1 Qc6 21. Nf6+ Kh8 22. Qxb4 gxf6 23. Qh4 Kg7 24. Rf3 Rg8 25. Rg3+ Kh7
26. Re1 Rxg3 27. Qxg3 Rg8 28. Qf2 Qe4 29. Re2 Rg6 30. Rd2 Qc6 31. Re2 Qa6
32. Rd2 Qa1+ 33. Kh2 Qa6 34. Rd7 Kg7 35. Rxc7 e4 36. Qf5 Qd6+ 37. Qf4 Qb6
38. Rd7 Qc6 39. Rc7 Qb6 40. Rd7 Qc6 41. Rc7 Qa6 42. Qxe4 Qd6+ 43. Qf4 Qd2
44. Qe4 f5 45. Qxb7 Rf6 46. Qxa7 Qd6+ 47. Kg1 Qd1+ 48. Kh2 Qd6+ 49. Kg1
Qd1+ 50. Kh2 Qd6+ 51. Kh1 Qd1+ 52. Kh2 Qd6+ 53. Kh1 Qd1+ 54. Kh2 Qd6+ 55.
Kh1 Qd1+ 56. Kh2 Qd6+ 57. Kh1 Qd1+ 58. Kh2 Qd6+ 59. Kh1 Qd1+ 60. Kh2 Qd6+
61. Kh1 Qe5 62. Rc3 Rg6 63. Rc7 Qd5 64. Qb7 Qe6 65. Re7 Qf6 66. c3 Rg3 67.
Re8 Kh7 68. Qb8 Qg7 69. Qa8 Rg6 70. b4 Rd6 71. b5 Rd1+ 72. Kh2 Rd2 73. b6
Rxb2 74. Qc6 f6 75. Rc8 h5 76. Rc7 Rxb6 77. Rxg7+ Kxg7 78. Qxb6 Kg6 79. c4
h4 80. c5 f4 81. exf4 Kh5 82. c6 f5 83. Qc5 Kg6 84. c7 Kf7 85. c8=Q Kg7 86.
Qe7+ Kg6 87. Qg5+ Kh7 88. Qcg8# { Black checkmated } 1-0

[Event "ICC tourney 2520 (60 10)"]
[Site "Internet Chess Club"]
[Date "2021.04.18"]
[Round "4"]
[White "KANG, LAUREN SEYIN:earlcat"]
[Black "Pearlman, Russell:russellpearlman"]
[Result "1/2-1/2"]
[ICCResult "Game drawn by mutual agreement"]
[WhiteElo "409"]
[BlackElo "178"]
[Opening "Scotch game"]
[ECO "C45"]
[NIC "SO.04"]
[Time "10:02:32"]
[PlyCount "96"]
[TimeControl "3600+10"]

1. e4 e5 2. Nf3 Nc6 3. d4 exd4 4. Nxd4 Nxd4 5. Qxd4 Nf6 6. e5 Ng8 7. Bc4 d6
8. O-O Bf5 9. c3 Qe7 10. Bf4 O-O-O 11. Nd2 dxe5 12. Qxe5 Qxe5 13. Bxe5 Rxd2
14. b3 f6 15. Bf4 Rc2 16. Rfc1 Rb2 17. Be3 Ba3 18. Rd1 Nh6 19. Rd2 Rxd2 20.
Bxd2 Rd8 21. Bxh6 gxh6 22. Re1 Bd3 23. Bxd3 Rxd3 24. f3 Rd2 25. Kf1 Bc5 26.
Re2 Rd1+ 27. Re1 Rd8 28. Ke2 Re8+ 29. Kd2 Rd8+ 30. Ke2 Rd5 31. Rd1 Re5+ 32.
Kd2 Be3+ 33. Ke2 Bc1+ 34. Kd3 Bf4 35. Kd4 c5+ 36. Kd3 Re3+ 37. Kc2 Kc7 38.
Rd3 Re2+ 39. Kd1 Rf2 40. g3 Bg5 41. h4 Rf1+ 42. Ke2 Rg1 43. hxg5 hxg5 44.
g4 h5 45. gxh5 Rh1 46. Ke3 f5 47. f4 gxf4+ 48. Kxf4 Rxh5 { Game drawn by
mutual agreement } 1/2-1/2

[Event "ICC tourney 2520 (60 10)"]
[Site "Internet Chess Club"]
[Date "2021.04.18"]
[Round "5"]
[White "PARAOAN, HADLEY:Bigcitypanda"]
[Black "LIANG, KEVIN:Kingkevin13"]
[Result "0-1"]
[ICCResult "White checkmated"]
[WhiteElo "479"]
[BlackElo "105"]
[Opening "Giuoco Piano: four knights variation"]
[ECO "C50"]
[NIC "IG.02"]
[Time "13:19:55"]
[PlyCount "24"]
[TimeControl "3600+10"]

1. e4 e5 2. Nf3 Nc6 3. Bc4 Bc5 4. Nc3 Nf6 5. O-O d6 6. d3 h6 7. b3 Bg4 8.
Bb2 Nd4 9. h3 Bxf3 10. gxf3 Qd7 11. Ne2 Nxf3+ 12. Kh1 Qxh3# { White
checkmated } 0-1

[Event "ICC tourney 2520 (60 10)"]
[Site "Internet Chess Club"]
[Date "2021.04.18"]
[Round "5"]
[White "Tsay, Benjamin:tkdmaster725"]
[Black "BIRUDAVOLU, SATHVIK:Vikki24"]
[Result "0-1"]
[ICCResult "White checkmated"]
[WhiteElo "496"]
[BlackElo "631"]
[Opening "Three knights game"]
[ECO "C46"]
[NIC "KP.06"]
[Time "13:20:10"]
[PlyCount "26"]
[TimeControl "3600+10"]

1. e4 e5 2. Nf3 Nc6 3. Nc3 Bc5 4. Bc4 h6 5. Bb5 d6 6. d3 Nf6 7. O-O O-O 8.
Nd5 Bg4 9. Nxf6+ Qxf6 10. h3 Bxf3 11. gxf3 Qg6+ 12. Kh1 Qh5 13. Rg1 Qxh3# {
White checkmated } 0-1

[Event "ICC tourney 2520 (60 10)"]
[Site "Internet Chess Club"]
[Date "2021.04.18"]
[Round "5"]
[White "LAM, MILES:LionsMilesL"]
[Black "ZHANG, JERRY TIANCHEN:jerry65321"]
[Result "1-0"]
[ICCResult "Black checkmated"]
[WhiteElo "557"]
[BlackElo "633"]
[Opening "QGD: 4.Bg5"]
[ECO "D50"]
[NIC "QO.16"]
[Time "13:20:16"]
[PlyCount "33"]
[TimeControl "3600+10"]

1. d4 d5 2. c4 e6 3. Nc3 Nf6 4. Bg5 h6 5. Bxf6 Qxf6 6. cxd5 Bb4 7. Qa4+ Nc6
8. dxc6 Be7 9. cxb7+ Bd7 10. bxa8=Q+ Bd8 11. Qb4 Qg5 12. Nf3 Qf6 13. e4 Qg6
14. Nb5 Qxe4+ 15. Qxe4 Be7 16. Qa8+ Bd8 17. Nxc7# { Black checkmated } 1-0

[Event "ICC tourney 2520 (60 10)"]
[Site "Internet Chess Club"]
[Date "2021.04.18"]
[Round "5"]
[White "BONFILI, MAX:MVBonfili"]
[Black "FOFANA, MARYAM:RPIMaryam"]
[Result "1-0"]
[ICCResult "Black checkmated"]
[WhiteElo "474"]
[BlackElo "100"]
[Opening "Three knights game"]
[ECO "C46"]
[NIC "KP.06"]
[Time "13:20:17"]
[PlyCount "57"]
[TimeControl "3600+10"]

1. e4 e5 2. Nf3 Nc6 3. Nc3 Bc5 4. Bb5 a6 5. Ba4 b5 6. Bb3 Nf6 7. Nxe5 Nxe5
8. d4 Bxd4 9. Qxd4 O-O 10. Qxe5 d6 11. Qg3 Qe8 12. Bh6 Ng4 13. h3 gxh6 14.
hxg4 d5 15. Bxd5 c6 16. Bb3 c5 17. Rxh6 c4 18. Bxc4 bxc4 19. Nd5 Qd7 20.
Nf6+ Kg7 21. Nxd7 Kxh6 22. Nxf8 Bd7 23. Nxd7 Rd8 24. Nb6 Rg8 25. O-O-O Kg5
26. f4+ Kf6 27. Nd7+ Ke7 28. Qh4+ Ke6 29. f5# { Black checkmated } 1-0

[Event "ICC tourney 2520 (60 10)"]
[Site "Internet Chess Club"]
[Date "2021.04.18"]
[Round "5"]
[White "Kim, Ethan:EthanJKps11"]
[Black "MAVROUDIS, ANTHONY JOHN:bananaplaychess"]
[Result "0-1"]
[ICCResult "White resigns"]
[WhiteElo "497"]
[BlackElo "615"]
[Opening "Caro-Kann: exchange variation"]
[ECO "B13"]
[NIC "CK.02"]
[Time "13:19:53"]
[PlyCount "32"]
[TimeControl "3600+10"]

1. e4 c6 2. d4 d5 3. exd5 cxd5 4. Nc3 Nf6 5. Nf3 Nc6 6. Bb5 Bf5 7. Ne5 Qc7
8. Nxc6 bxc6 9. Ba6 e6 10. O-O Bd6 11. g3 O-O 12. Re1 Rfe8 13. Bg5 Bg4 14.
f3 Bf5 15. g4 Bxh2+ 16. Kf1 Qg3 { White resigns } 0-1

[Event "ICC tourney 2520 (60 10)"]
[Site "Internet Chess Club"]
[Date "2021.04.18"]
[Round "5"]
[White "WILLIAMS, WILES:WilesWps139"]
[Black "LOPEZ, RUBI:Rubilopez05"]
[Result "1-0"]
[ICCResult "Black checkmated"]
[WhiteElo "148"]
[BlackElo "109"]
[Opening "Three knights game"]
[ECO "C46"]
[NIC "KP.06"]
[Time "13:19:50"]
[PlyCount "53"]
[TimeControl "3600+10"]

1. e4 e5 2. Nf3 Nc6 3. Nc3 Bc5 4. d4 exd4 5. Nxd4 Bxd4 6. Bd2 Qf6 7. f3
Qh4+ 8. g3 Qh6 9. Bxh6 gxh6 10. Qe2 d5 11. O-O-O dxe4 12. fxe4 f6 13. Qb5
Ne7 14. Rxd4 f5 15. exf5 Nxf5 16. Rf4 Ng7 17. Qe5+ Be6 18. Bb5 Nh5 19.
Qxh5+ Kd7 20. Qxh6 Rad8 21. Re4 Kc8 22. Qxe6+ Kb8 23. Qb3 Rc8 24. Ba6 Nd8
25. Rd4 Re8 26. Rxd8 Rexd8 27. Qxb7# { Black checkmated } 1-0

[Event "ICC tourney 2520 (60 10)"]
[Site "Internet Chess Club"]
[Date "2021.04.18"]
[Round "5"]
[White "RICAUD, LYNN:lricaud"]
[Black "YARYSHKIN, BRUCE:donutbruce"]
[Result "0-1"]
[ICCResult "White checkmated"]
[WhiteElo "551"]
[BlackElo "355"]
[Opening "Philidor's defense"]
[ECO "C41"]
[NIC "KP.10"]
[Time "13:20:04"]
[PlyCount "56"]
[TimeControl "3600+10"]

1. e4 e5 2. Nf3 d6 3. Nc3 Nc6 4. Bb5 Nf6 5. O-O Be7 6. h3 O-O 7. d3 Bd7 8.
Bg5 Nd4 9. Nxd4 exd4 10. Bxd7 Qxd7 11. Nd5 Nxd5 12. exd5 Bxg5 13. Qf3 Rae8
14. Rad1 Re5 15. Kh2 f5 16. Qg3 f4 17. Qf3 Qf5 18. c4 Rf6 19. g4 Qg6 20.
Rde1 Rxe1 21. Rxe1 Kf7 22. Qd1 f3 23. Qa4 Bf4+ 24. Kg1 Rf5 25. Qd7+ Kf6 26.
Qe6+ Kg5 27. gxf5 Kh4+ 28. Kf1 Qg2# { White checkmated } 0-1

[Event "ICC tourney 2520 (60 10)"]
[Site "Internet Chess Club"]
[Date "2021.04.18"]
[Round "5"]
[White "VELAMOOR, MILIN:milin2012"]
[Black "ADAMS, MAXIMILIAN:maxadams"]
[Result "0-1"]
[ICCResult "White checkmated"]
[WhiteElo "100"]
[BlackElo "448"]
[Opening "King's pawn game"]
[ECO "C44"]
[NIC "KP.07"]
[Time "13:20:04"]
[PlyCount "38"]
[TimeControl "3600+10"]

1. e4 e5 2. Nf3 Nc6 3. d3 Nf6 4. Nc3 Bc5 5. Be3 Nd4 6. Nxd4 exd4 7. Bf4
dxc3 8. bxc3 Ng4 9. Qe2 Qh4 10. g3 Qf6 11. d4 Bb6 12. Qxg4 d5 13. exd5 Bxg4
14. Bb5+ c6 15. dxc6 bxc6 16. Bxc6+ Qxc6 17. Bc7 Bf3 18. Rg1 Qxc3+ 19. Kf1
Qxa1# { White checkmated } 0-1

[Event "ICC tourney 2520 (60 10)"]
[Site "Internet Chess Club"]
[Date "2021.04.18"]
[Round "5"]
[White "GIORGIO, FRANCESCA:FrankieG"]
[Black "Agarwal, Rohan:rohanagarwal"]
[Result "1-0"]
[ICCResult "Black checkmated"]
[WhiteElo "284"]
[BlackElo "179"]
[Opening "Four knights: double Ruy Lopez"]
[ECO "C49"]
[NIC "KP.03"]
[Time "13:19:43"]
[PlyCount "73"]
[TimeControl "3600+10"]

1. e4 e5 2. Nf3 Nc6 3. Nc3 Nf6 4. Bb5 Bb4 5. O-O Bxc3 6. dxc3 O-O 7. Bg5
Nxe4 8. Bxc6 Qe8 9. Bxd7 Bxd7 10. Qd3 Bb5 11. c4 Bxc4 12. Qxc4 Nd2 13. Nxd2
Qc6 14. Qxc6 bxc6 15. Nf3 e4 16. Ne5 f6 17. Nd7 Rfd8 18. Nc5 fxg5 19. Ne6
Rf8 20. Nxf8 Kxf8 21. f3 exf3 22. Rxf3+ Kg8 23. Rd1 g4 24. Rf4 h5 25. h3
gxh3 26. gxh3 Re8 27. Rd7 Rc8 28. Rff7 c5 29. Rxg7+ Kh8 30. Rh7+ Kg8 31.
Rxh5 Re8 32. Rf5 Re1+ 33. Kf2 Re8 34. b4 cxb4 35. Rd4 Rb8 36. Rg4+ Kh8 37.
Rh5# { Black checkmated } 1-0

[Event "ICC tourney 2520 (60 10)"]
[Site "Internet Chess Club"]
[Date "2021.04.18"]
[Round "5"]
[White "Feldman, Julian:DaltonTiger"]
[Black "CHOKSHI, AAYUSH:ChessChampion21"]
[Result "1-0"]
[ICCResult "Black checkmated"]
[WhiteElo "246"]
[BlackElo "449"]
[Opening "Four knights: double Ruy Lopez"]
[ECO "C49"]
[NIC "KP.03"]
[Time "13:23:55"]
[PlyCount "27"]
[TimeControl "3600+10"]

1. e4 e5 2. Nf3 Nc6 3. Nc3 Nf6 4. Bb5 Bb4 5. O-O d6 6. d3 Bg4 7. Bg5 O-O 8.
Nd5 Nd4 9. Nxf6+ gxf6 10. Bh6 Bxf3 11. gxf3 Nxb5 12. f4 Re8 13. Qg4+ Kh8
14. Qg7# { Black checkmated } 1-0

[Event "ICC tourney 2520 (60 10)"]
[Site "Internet Chess Club"]
[Date "2021.04.18"]
[Round "5"]
[White "HACKETT, NORA:NoraHps77"]
[Black "SONG, OLIVIA:dratini11"]
[Result "1-0"]
[ICCResult "Black checkmated"]
[WhiteElo "160"]
[BlackElo "319"]
[Opening "Giuoco Pianissimo: Italian four knights variation"]
[ECO "C47"]
[NIC "VG.04"]
[Time "13:20:06"]
[PlyCount "85"]
[TimeControl "3600+10"]

1. e4 e5 2. Nc3 Nf6 3. Nf3 Nc6 4. Bc4 Bc5 5. d3 d6 6. O-O Bg4 7. h3 Bh5 8.
Qe1 O-O 9. Bg5 h6 10. Bxf6 Qxf6 11. Qb1 Bxf3 12. gxf3 Rae8 13. Nd5 Qg6+ 14.
Kh2 Re6 15. d4 exd4 16. Nf4 Qg5 17. Nxe6 Re8 18. Nxc7 Rc8 19. Nd5 Re8 20.
Rg1 Qe5+ 21. f4 Qxe4 22. Bd3 Qf3 23. Rg2 a5 24. b4 axb4 25. a3 bxa3 26.
Qxb7 Ne7 27. Nxe7+ Kf8 28. Qxf3 Rxe7 29. Qa8+ Re8 30. Qb7 d5 31. Rb1 a2 32.
Ra1 Bd6 33. Rxa2 Re1 34. Ra8+ Bb8 35. Rxb8+ Re8 36. Rxg7 Kxg7 37. Rxe8 Kf6
38. Rh8 h5 39. Rxh5 Ke6 40. Rxd5 Kf6 41. Rxd4 Ke6 42. Bc4+ Kf6 43. Qxf7# {
Black checkmated } 1-0

[Event "ICC tourney 2520 (60 10)"]
[Site "Internet Chess Club"]
[Date "2021.04.18"]
[Round "5"]
[White "Cruz, Hyland:HydeCruz"]
[Black "Na, Alexander:Madsilly3"]
[Result "1-0"]
[ICCResult "Black checkmated"]
[WhiteElo "703"]
[BlackElo "403"]
[Opening "Scotch opening"]
[ECO "C44"]
[NIC "KP.10"]
[Time "13:20:12"]
[PlyCount "91"]
[TimeControl "3600+10"]

1. e4 e5 2. Nf3 Nc6 3. d4 d6 4. dxe5 dxe5 5. Qxd8+ Kxd8 6. Nc3 Bb4 7. Bd2
Nf6 8. Bc4 Bxc3 9. Bxc3 Nxe4 10. Bxe5 Nxe5 11. Nxe5 Ke8 12. Bxf7+ Kf8 13.
O-O Nd6 14. Bb3 Ke7 15. Rfe1 Be6 16. Ng6+ hxg6 17. Rxe6+ Kd7 18. Rxg6 Rhe8
19. Rxg7+ Kc6 20. h3 Re2 21. Rd1 Nb5 22. Ba4 Rae8 23. Rg6+ Kc5 24. Rg5+ Kb6
25. Rxb5+ Ka6 26. Rg5 c6 27. Bb3 Re1+ 28. Rxe1 Rxe1+ 29. Kh2 Rb1 30. h4
Rxb2 31. h5 Rb1 32. h6 Re1 33. h7 Re8 34. Rg8 Rxg8 35. hxg8=Q b6 36. Qc8+
Kb5 37. g4 Kb4 38. g5 a5 39. g6 a4 40. g7 axb3 41. cxb3 c5 42. g8=Q c4 43.
Qgf8+ Kc3 44. Qf3+ Kb4 45. Qxc4+ Ka5 46. Qa4# { Black checkmated } 1-0

[Event "ICC tourney 2520 (60 10)"]
[Site "Internet Chess Club"]
[Date "2021.04.18"]
[Round "5"]
[White "CHAN, IVANA ROSE:ivanachan"]
[Black "CHUGANI, ASHVIN:Ashvinc"]
[Result "1/2-1/2"]
[ICCResult "Game drawn because neither player has mating material"]
[WhiteElo "739"]
[BlackElo "549"]
[Opening "King's Indian: 4.e4"]
[ECO "E70"]
[NIC "KI.31"]
[Time "13:19:46"]
[PlyCount "98"]
[TimeControl "3600+10"]

1. d4 Nf6 2. c4 g6 3. Nc3 Bg7 4. e4 d6 5. Bf4 O-O 6. Bd3 Bg4 7. Nf3 Nc6 8.
O-O Nxd4 9. Be2 Nxf3+ 10. Bxf3 Be6 11. h3 Qd7 12. e5 dxe5 13. Qxd7 Bxd7 14.
Bxe5 Nh5 15. Rad1 Bxh3 16. Bxg7 Nxg7 17. gxh3 c6 18. Kh2 Rad8 19. Rg1 Rxd1
20. Rxd1 f5 21. Kg3 e5 22. Be2 h5 23. f4 e4 24. b4 a6 25. a4 Re8 26. b5
axb5 27. axb5 cxb5 28. cxb5 b6 29. Bc4+ Kh7 30. Na4 e3 31. Be2 Re6 32. Kf3
Kh6 33. Rd3 g5 34. Rxe3 g4+ 35. hxg4 hxg4+ 36. Kf2 g3+ 37. Kf3 g2 38. Rxe6+
Nxe6 39. Kxg2 Nxf4+ 40. Kf3 Nxe2 41. Kxe2 Kg5 42. Kf2 Kf4 43. Nxb6 Ke4 44.
Na8 Kd5 45. b6 Kc6 46. Kf3 Kb7 47. Kf4 Kxa8 48. Kxf5 Kb7 49. Ke5 Kxb6 {
Game drawn because neither player has mating material } 1/2-1/2

[Event "ICC tourney 2520 (60 10)"]
[Site "Internet Chess Club"]
[Date "2021.04.18"]
[Round "5"]
[White "DENG, HOPE:Hopetiger"]
[Black "HASAN, ALEENA:AleenaHps139"]
[Result "0-1"]
[ICCResult "White resigns"]
[WhiteElo "330"]
[BlackElo "100"]
[Opening "Three knights game"]
[ECO "C46"]
[NIC "KP.06"]
[Time "13:20:45"]
[PlyCount "72"]
[TimeControl "3600+10"]

1. e4 e5 2. Nf3 Nc6 3. Nc3 Bc5 4. d4 exd4 5. Bd2 dxc3 6. Bxc3 Nge7 7. Bc4
d6 8. O-O Bg4 9. Be2 Ng6 10. Bd2 Qe7 11. Bg5 Qd7 12. Qd2 Bb4 13. Qd3 f6 14.
Bxf6 gxf6 15. Qe3 O-O-O 16. Qh6 Rhe8 17. h3 Be6 18. Qc1 Bf7 19. c3 Bc5 20.
a4 Rxe4 21. Bd3 Re7 22. a5 a6 23. b4 Ba7 24. b5 axb5 25. a6 bxa6 26. Qa3
Nf4 27. g3 Nxd3 28. Qxa6+ Kb8 29. Ra3 Nc5 30. Qxb5+ Kc8 31. Rfa1 Bb6 32.
Qa5 Bxa5 33. Ra4 Nxa4 34. Rxa4 Bxc3 35. Ra8+ Kb7 36. Ra1 Bxa1 { White
resigns } 0-1

[Event "ICC tourney 2520 (60 10)"]
[Site "Internet Chess Club"]
[Date "2021.04.18"]
[Round "5"]
[White "KIRCHNER, OWEN CHRISTIAN:circuitx"]
[Black "HERNANDEZ, KAMILA :KamilaHps139"]
[Result "1-0"]
[ICCResult "Black checkmated"]
[WhiteElo "425"]
[BlackElo "177"]
[Opening "Philidor's defense"]
[ECO "C41"]
[NIC "KP.10"]
[Time "13:20:12"]
[PlyCount "113"]
[TimeControl "3600+10"]

1. e4 e5 2. Nf3 d6 3. Bc4 Qe7 4. O-O c6 5. d3 b5 6. Bb3 a5 7. c3 a4 8. Bc2
Nf6 9. d4 exd4 10. cxd4 c5 11. dxc5 dxc5 12. e5 Nd5 13. Be4 Nb6 14. Bxa8
Nxa8 15. Bg5 g6 16. Bxe7 Bxe7 17. Qd5 g5 18. Nd4 Rg8 19. Nf5 Bd8 20. Nh6
Rg6 21. Ng4 Nb6 22. Qxc5 Bxg4 23. Qxb5+ N6d7 24. Rd1 Rh6 25. Rd2 Bf5 26.
Nc3 f6 27. exf6 Bxf6 28. Re1+ Be6 29. Rxe6+ Be7 30. Rxd7 Nxd7 31. Qxd7+
Kxd7 32. b4 Rh5 33. Ra6 Bd8 34. Nd5 Rh6 35. Rxh6 a3 36. b5 Ba5 37. Rxh7+
Kd6 38. Nc7 Bc3 39. b6 Kc6 40. Rh6+ Kb7 41. Nd5 Ka6 42. Nc7+ Kb7 43. Nd5
Bg7 44. Rh7 Kc6 45. Ne7+ Kd6 46. b7 Ba1 47. b8=Q+ Kc5 48. Rh3 Kc4 49. Qe5
Kb4 50. Nd5+ Kc4 51. Qe4+ Kc5 52. Nc3 Kb6 53. Rh5 Ka5 54. Rxg5+ Kb6 55.
Qe6+ Kb7 56. Rg7+ Kb8 57. Qe8# { Black checkmated } 1-0

[Event "ICC tourney 2520 (60 10)"]
[Site "Internet Chess Club"]
[Date "2021.04.18"]
[Round "5"]
[White "VITTICORE, VIOLA:ViolaVps130"]
[Black "STRAND, MAXIMILIAN:maxstrand11"]
[Result "0-1"]
[ICCResult "White checkmated"]
[WhiteElo "163"]
[BlackElo "322"]
[Opening "King's knight opening"]
[ECO "C40"]
[NIC "KP.10"]
[Time "13:20:13"]
[PlyCount "100"]
[TimeControl "3600+10"]

1. e4 e5 2. Nf3 Na6 3. Bxa6 Nf6 4. Nc3 bxa6 5. d4 exd4 6. Nxd4 Bb7 7. e5
Ne4 8. Be3 Nxc3 9. bxc3 Bc5 10. Qd2 O-O 11. Bg5 Qe8 12. Bf6 gxf6 13. Qf4
fxe5 14. Qg5+ Kh8 15. O-O exd4 16. c4 Be7 17. Qe5+ Kg8 18. Rfe1 f6 19. Qg3+
Kf7 20. c3 dxc3 21. Re3 c2 22. Qg4 Rg8 23. Qh5+ Rg6 24. Rg3 Kg7 25. Rh3
Rxg2+ 26. Kf1 Qxh5 27. Rxh5 Kg6 28. Rh3 Rg4 29. f3 Rxc4 30. Rg3+ Kf7 31. h4
c1=Q+ 32. Rxc1 Rxc1+ 33. Ke2 Rc2+ 34. Kd3 Rh2 35. Rg4 h5 36. Rf4 Bd6 37.
Rd4 Rxa2 38. Kc4 a5 39. f4 Rc2+ 40. Kd3 Rc1 41. Ke3 Bc5 42. Kd3 Bxd4 43.
Kxd4 c5+ 44. Ke3 Rf1 45. Kd3 Rxf4 46. Ke3 Rxh4 47. Ke2 Rh3 48. Kf2 Rg8 49.
Ke2 Rg2+ 50. Kf1 Rh1# { White checkmated } 0-1

[Event "ICC tourney 2520 (60 10)"]
[Site "Internet Chess Club"]
[Date "2021.04.18"]
[Round "5"]
[White "GORDON, RYAN:RJMagnus"]
[Black "WANG, WYTHE:megaespeon"]
[Result "1-0"]
[ICCResult "Black checkmated"]
[WhiteElo "633"]
[BlackElo "578"]
[Opening "QGD Slav: 4.Nc3"]
[ECO "D15"]
[NIC "SL.03"]
[Time "13:19:51"]
[PlyCount "95"]
[TimeControl "3600+10"]

1. d4 c6 2. c4 d5 3. Nc3 Nf6 4. Nf3 Bf5 5. Bf4 e6 6. e3 Be7 7. Bd3 Bxd3 8.
Qxd3 Nbd7 9. O-O O-O 10. c5 Nh5 11. Be5 Nxe5 12. dxe5 Bxc5 13. Na4 Be7 14.
e4 dxe4 15. Qxe4 f5 16. Qc4 Qd7 17. Rfd1 Qc8 18. Nd4 b5 19. Qxe6+ Qxe6 20.
Nxe6 bxa4 21. Nxf8 Rxf8 22. Rd7 Bc5 23. Rc1 Bb6 24. Rxc6 Rd8 25. Rxd8+ Bxd8
26. Rc8 Kf7 27. Rxd8 Ke6 28. Ra8 Kxe5 29. Rxa7 g5 30. Rxa4 f4 31. Ra5+ Kf6
32. g4 Ng7 33. b4 h5 34. h3 hxg4 35. hxg4 Ne6 36. b5 Nd4 37. Ra6+ Ke5 38.
b6 Ne2+ 39. Kg2 Ke4 40. b7 f3+ 41. Kh3 Ng1+ 42. Kg3 Ne2+ 43. Kh2 Kf4 44.
b8=Q+ Kxg4 45. Ra4+ Nf4 46. Qc8+ Kh4 47. Qh8+ Kg4 48. Qh3# { Black
checkmated } 1-0

[Event "ICC tourney 2520 (60 10)"]
[Site "Internet Chess Club"]
[Date "2021.04.18"]
[Round "5"]
[White "CICCIA, MARTINA:MartinaC"]
[Black "WEISSMAN, JONAS:nycjjw"]
[Result "0-1"]
[ICCResult "White checkmated"]
[WhiteElo "263"]
[BlackElo "411"]
[Opening "King's knight opening"]
[ECO "C40"]
[NIC "KP.10"]
[Time "13:20:13"]
[PlyCount "130"]
[TimeControl "3600+10"]

1. e4 e5 2. Nf3 Bc5 3. Nxe5 Qh4 4. Qf3 Nc6 5. Bc4 Nxe5 6. Qe2 Nxc4 7. O-O
Bd6 8. h3 Qf4 9. g3 Qh6 10. d3 Ne5 11. Bxh6 gxh6 12. d4 Nc6 13. Nc3 Nxd4
14. Qe3 Nxc2 15. Qd3 Nxa1 16. Qe3 Nc2 17. Qd3 Nb4 18. Qd4 f6 19. e5 fxe5
20. Qe4 Nf6 21. Qf5 Nfd5 22. Ne4 Nxa2 23. Qh5+ Kd8 24. Qf7 Nab4 25. Qg7 Rg8
26. Qxg8+ Ke7 27. Qxh7+ Ke6 28. Qxh6+ Kf5 29. Ng5 Be7 30. g4+ Kf4 31. Ne6+
Ke4 32. Re1+ Kf3 33. Qh4 Bxh4 34. Ng7 Bxf2+ 35. Kf1 Bxe1 36. Nf5 Nc2 37.
Nh4+ Kg3 38. Nf5+ Kxh3 39. Nh6 Kg3 40. g5 Ne7 41. Nf7 Kf3 42. Nxe5+ Ke4 43.
g6 Kxe5 44. g7 Kf4 45. b4 Kf3 46. b5 Bc3 47. Kg1 Ne3 48. Kh2 Nf1+ 49. Kh1
Be5 50. g8=Q Nxg8 51. Kg1 Nh6 52. Kxf1 Ng4 53. Ke1 Bf4 54. Kd1 Nf2+ 55. Ke1
Ne4 56. Kd1 Ke3 57. Ke1 Ng3 58. Kd1 Ne2 59. Ke1 Nc3 60. Kf1 Bg3 61. b6 Kf3
62. Kg1 axb6 63. Kf1 Ne4 64. Kg1 Bf2+ 65. Kf1 Ng3# { White checkmated } 0-1

[Event "ICC tourney 2520 (60 10)"]
[Site "Internet Chess Club"]
[Date "2021.04.18"]
[Round "5"]
[White "BABENKO, NAOMI:Naomib"]
[Black "TOSSOU, FAVOR:RYCSFavor"]
[Result "0-1"]
[ICCResult "White checkmated"]
[WhiteElo "100"]
[BlackElo "292"]
[Opening "Giuoco Pianissimo: Canal variation"]
[ECO "C47"]
[NIC "KP.06"]
[Time "13:19:49"]
[PlyCount "54"]
[TimeControl "3600+10"]

1. e4 e5 2. Nf3 Nc6 3. Nc3 Nf6 4. Bc4 Bc5 5. d3 d6 6. Bg5 h6 7. Bh4 O-O 8.
O-O Bd7 9. Qd2 g5 10. Bg3 h5 11. h3 h4 12. Bh2 Be6 13. Bb5 a6 14. Ba4 Qd7
15. Nxg5 Rad8 16. Nxe6 Qxe6 17. Bb3 Qd7 18. Qg5+ Kh8 19. Qxf6+ Kg8 20. g3
hxg3 21. Bxg3 Qxh3 22. Rfe1 Qxg3+ 23. Kh1 Qh3+ 24. Kg1 Kh7 25. Qg5 Rg8 26.
Be6 Rxg5+ 27. Bg4 Rxg4# { White checkmated } 0-1

[Event "ICC tourney 2520 (60 10)"]
[Site "Internet Chess Club"]
[Date "2021.04.18"]
[Round "5"]
[White "WOLFHAGEN, YONAH:YonahWps130"]
[Black "BELYAKOV, KSENIA:SAKseniaB"]
[Result "0-1"]
[ICCResult "White checkmated"]
[WhiteElo "379"]
[BlackElo "115"]
[Opening "Alekhine's defense"]
[ECO "B02"]
[NIC "AL.10"]
[Time "13:20:37"]
[PlyCount "74"]
[TimeControl "3600+10"]

1. e4 Nf6 2. Nc3 g6 3. Bc4 Bg7 4. Bb3 O-O 5. e5 Nd5 6. Nxd5 Bxe5 7. Nc3
Bxh2 8. Rxh2 Nc6 9. Qf3 g5 10. Qh3 h6 11. f4 d6 12. fxg5 Bxh3 13. Rxh3 hxg5
14. Nf3 g4 15. Rg3 Kh7 16. Rxg4 Qd7 17. Rh4+ Kg8 18. g4 Qe6+ 19. Bxe6 fxe6
20. Rh3 Nb4 21. Rg3 Nxc2+ 22. Kd1 Nxa1 23. g5 e5 24. g6 e4 25. g7 exf3 26.
Ne4 f2 27. Ke2 Rf7 28. Nf6+ Rxf6 29. Rg2 f1=Q+ 30. Ke3 Nc2+ 31. Ke4 Qxg2+
32. Kd3 Nb4+ 33. Kc3 Nd5+ 34. Kc4 Nb6+ 35. Kb5 Qxg7 36. Kb4 Rf4+ 37. Kb5
Qe5# { White checkmated } 0-1

[Event "ICC tourney 2520 (60 10)"]
[Site "Internet Chess Club"]
[Date "2021.04.18"]
[Round "5"]
[White "NOGI, JASPER:JasperN"]
[Black "OWUSU-BOAKYE, NANA:NanaKwame102012"]
[Result "1-0"]
[ICCResult "Black checkmated"]
[WhiteElo "330"]
[BlackElo "532"]
[Opening "Queen's pawn: Charlick (Englund) gambit"]
[ECO "A40"]
[NIC "QO.17"]
[Time "13:20:03"]
[PlyCount "65"]
[TimeControl "3600+10"]

1. d4 e5 2. e3 exd4 3. exd4 Nf6 4. Nc3 Bb4 5. Bd2 Nc6 6. Nf3 O-O 7. Be2
Bxc3 8. Bxc3 h6 9. O-O Re8 10. Qd3 Qe7 11. Rfe1 d6 12. h3 Nh5 13. Bd2 g6
14. Nh2 Bf5 15. Qc4 Nb8 16. Bxh5 Qxe1+ 17. Rxe1 Rxe1+ 18. Bxe1 gxh5 19. c3
Nc6 20. Bd2 Re8 21. Nf3 Be6 22. Qe2 Bd7 23. Qd3 Kg7 24. b4 a6 25. c4 Ra8
26. d5 Ne7 27. Qe3 Nf5 28. Qf4 Re8 29. g4 hxg4 30. hxg4 Ne7 31. Qxh6+ Kg8
32. Bc3 Bxg4 33. Qg7# { Black checkmated } 1-0